Rampage vs Sound Tigers
Created - December 8, 2021 at 19:01
Goals
|
| Rampage |
0 |
1 |
2 |
0 |
4 |
4 |
| Sound Tigers |
0 |
2 |
1 |
0 |
3 |
3 |
|
Shots
|
| Rampage |
11 |
12 |
16 |
1 |
6 |
40 |
| Sound Tigers |
15 |
10 |
7 |
1 |
6 |
33 |
|
1st period
No Goal
Penalties :
Tyrell Goulbourne (BRI) for Tripping (Minor) at 1:26, Julian Melchiori (BRI) for Holding (Minor) at 17:06
2nd period
1. Sound Tigers , Garret Ross 1 (Andrew Shaw 1, Gabriel Carlsson 1) at 1:52
2. Rampage , Elias Lindholm 1 (Roope Hintz 2, Roland McKeown 1) at 5:56
3. Sound Tigers , Garret Ross 2 (Gabriel Carlsson 2, Andrew Shaw 2) at 10:08
Penalties :
Tony DeAngelo (San) for Hooking (Minor) at 10:11, Pavel Kraskovsky (BRI) for Roughing (Minor) at 15:33, Ethan Bear (San) for Roughing (Minor) at 18:27
3rd period
4. Sound Tigers , Pavel Kraskovsky 1 (Ben Thomson 1, Connor Murphy 1) at 7:30
5. Rampage , Roope Hintz 1 (Elias Lindholm 2, Tony DeAngelo 2) at 7:36
6. Rampage , Kirill Kaprizov 1 (Ethan Bear 2, Timo Meier 2) at 14:45
Penalties :
Collin Miller (San) for Hooking (Minor) at 1:07, Julian Melchiori (BRI) for Roughing (Minor) at 11:08
Overtime #1
No Goal
Penalties :
No Penalty
Shootout
Rampage, Jack Roslovic - Goal!
Sound Tigers, Brian Ferlin - Stopped by Brandon Halverson
Rampage, Petr Straka - Stopped by Pavel Francouz
Sound Tigers, Andrew Shaw - Goal!
Rampage, Elias Lindholm - Goal!
Sound Tigers, James Sheppard - Goal!
Rampage, Roope Hintz - Stopped by Pavel Francouz
Sound Tigers, Garret Ross - Stopped by Brandon Halverson
Rampage, T.J. Tynan - Goal!
Sound Tigers, James Livingstone - Goal!
Rampage, Dylan Sikura - Goal!
Sound Tigers, Scott Glennie - Stopped by Brandon Halverson
Penalties :
No Penalty
Goalie Stats
Brandon Halverson (San), 30 saves from 33 shots - (0.909), W, 1-0-0, 65:00 minutes
Pavel Francouz (BRI), 37 saves from 40 shots - (0.925), OTL, 1-0-1, 65:00 minutes
Players Stats for Rampage
Player Name G A P +/- PIM S H SB GA TA FO MP PP MP PK MP
------------------------------------------------------------------------------------
Artturi Lehkonen 0 0 0 -1 0 1 0 0 0 0 0/0 8:51 0:00 0:39
Collin Miller 0 0 0 0 2 0 0 1 2 0 0/0 19:22 3:41 1:15
Dylan Sikura 0 0 0 -1 0 1 2 0 0 0 0/1 8:54 0:00 1:34
Elias Lindholm 1 1 2 1 0 4 2 0 0 2 14/23 19:54 3:35 0:22
Ethan Bear 0 1 1 1 2 3 1 0 0 0 0/0 21:01 4:15 1:36
Jack Roslovic 0 0 0 0 0 6 4 1 1 0 10/16 19:38 4:21 0:53
Jacob De La Rose 0 0 0 0 0 0 0 1 0 1 4/9 15:31 0:00 3:25
Jordan Greenway 0 0 0 0 0 0 1 1 0 0 0/0 11:24 0:00 0:00
Kevan Miller 0 0 0 0 0 0 2 1 0 1 0/0 16:58 3:41 0:00
Kirill Kaprizov 1 0 1 0 0 2 1 0 0 0 2/2 17:19 4:21 0:00
Martin Frk 0 0 0 0 0 4 0 0 0 0 0/0 12:49 0:09 0:00
Martin Marincin 0 0 0 -1 0 1 0 1 0 0 0/0 25:44 0:00 3:49
Petr Straka 0 0 0 0 0 3 3 1 0 0 0/0 16:29 3:35 0:00
Roland McKeown 0 1 1 1 0 3 1 1 0 0 0/0 19:52 0:00 3:49
Roope Hintz 1 1 2 1 0 2 2 0 0 0 2/3 22:40 3:26 3:27
T.J. Tynan 0 0 0 -1 0 2 0 0 0 0 3/5 9:47 0:00 1:34
Timo Meier 0 1 1 1 0 6 1 0 0 0 2/4 20:21 4:21 0:00
Tony DeAngelo 0 1 1 -1 2 2 0 2 0 2 0/0 27:26 4:15 1:25
Players Stats for Sound Tigers
Player Name G A P +/- PIM S H SB GA TA FO MP PP MP PK MP
------------------------------------------------------------------------------------
Alexander Yelesin 0 0 0 0 0 1 0 0 0 0 0/0 15:25 0:00 1:47
Andrew Shaw 0 2 2 2 0 3 3 2 1 0 0/1 20:34 2:31 4:25
Ben Johnson 0 0 0 0 0 0 0 0 0 0 0/0 0:00 0:00 0:00
Ben Thomson 0 1 1 1 0 2 2 0 0 0 0/0 13:29 0:00 0:59
Blake Speers 0 0 0 0 0 0 0 0 0 0 0/0 0:00 0:00 0:00
Borna Rendulic 0 0 0 0 0 2 1 0 0 0 0/0 7:45 0:00 0:00
Brad Ross 0 0 0 0 0 0 1 0 0 0 0/1 1:52 0:00 1:04
Brandon Gignac 0 0 0 0 0 0 0 0 0 0 0/0 0:00 0:00 0:00
Brian Ferlin 0 0 0 -3 0 2 2 0 0 0 3/11 23:54 3:13 4:20
Connor Murphy 0 1 1 0 0 1 0 2 0 1 0/0 30:01 3:48 4:25
Dylan McIlrath 0 0 0 0 0 2 1 1 0 0 0/0 30:54 3:48 4:25
Gabriel Carlsson 0 2 2 0 0 0 0 1 0 0 0/0 21:46 2:09 3:31
Garret Pilon 0 0 0 0 0 0 0 0 0 0 0/0 0:00 0:00 0:00
Garret Ross 2 0 2 2 0 4 1 1 0 0 0/0 18:12 2:31 2:32
James Livingstone 0 0 0 1 0 3 0 1 1 1 0/0 11:46 0:00 0:00
James Sheppard 0 0 0 -3 0 3 0 1 1 0 0/1 22:01 3:26 2:32
Joe Labate 0 0 0 -3 0 0 2 0 1 0 11/29 17:41 3:13 0:00
Josh Archibald 0 0 0 0 0 0 0 0 0 0 0/0 1:26 0:13 0:00
Julian Melchiori 0 0 0 0 4 4 1 0 0 0 0/0 19:47 2:09 1:44
Pavel Kraskovsky 1 0 1 1 2 2 2 1 0 0 4/4 11:49 0:00 0:00
Rhett Gardner 0 0 0 0 0 1 1 0 2 0 1/3 7:45 0:00 0:00
Ryan Bourque 0 0 0 2 0 1 1 0 0 0 7/13 14:05 2:31 0:00
Scott Glennie 0 0 0 0 0 0 0 0 0 0 0/0 1:34 0:13 0:00
Slater Koekkoek 0 0 0 0 0 1 1 0 0 1 0/0 12:30 0:00 0:00
Tyrell Goulbourne 0 0 0 0 2 1 1 1 0 0 0/0 7:44 0:00 0:00
3 Stars
1 - Garret Ross (BRI)
2 - Elias Lindholm (San)
3 - Roope Hintz (San)
Power Play
Rampage - 0 on 4 Attempt(s) - 0.00%
Sound Tigers - 0 on 3 Attempt(s) - 0.00%
Penalty Kill
Rampage - 3 on 3 Attempt(s) - 100.00%
- Score 0 goal in Penalty Kill
Sound Tigers - 4 on 4 Attempt(s) - 100.00%
- Score 0 goal in Penalty Kill
Team Stat
Rampage - Hits : 20 - Faceoff Wins : 37 - Blocked Shots : 10 - Penalty Minutes : 6
Sound Tigers - Hits : 20 - Faceoff Wins : 26 - Blocked Shots : 11 - Penalty Minutes : 8
Official
Referees : Jacob Brenk and Graham Skilliter
Linesman : Mark Shewchyk and Bryan Pancich
Game Notes
No Game Note
Finance
Level 1 -- Attendance: 1762 (88.10%) -- Ticket Income $61,670
Level 2 -- Attendance: 980 (98.00%) -- Ticket Income $14,700
Total Attendance: 2742 (91.40%)
Total Ticket Income: $76,370
Other Income: $3,818
Total Income: $80,188
Rampage
5 vs 5 Forward
Center Left Wing Right Wing Time % Phy DF OF
1 Elias Lindholm Roope Hintz Timo Meier 40 1 2 2
2 Jack Roslovic Kirill Kaprizov Petr Straka 30 1 2 2
3 Jacob De La Rose Jordan Greenway Martin Frk 20 1 2 2
4 T.J. Tynan Artturi Lehkonen Dylan Sikura 10 1 2 2
5 vs 5 Defense
Defense Defense Time % Phy DF OF
1 Martin Marincin Tony DeAngelo 40 1 2 2
2 Roland McKeown Ethan Bear 30 1 2 2
3 Kevan Miller Collin Miller 20 1 2 2
4 Martin Marincin Tony DeAngelo 10 1 2 2
PowerPlay Forward
Center Left Wing Right Wing Time % Phy DF OF
1 Jack Roslovic Kirill Kaprizov Timo Meier 60 1 2 2
2 Elias Lindholm Roope Hintz Petr Straka 40 1 2 2
PowerPlay Defense
Defense Defense Time % Phy DF OF
1 Ethan Bear Tony DeAngelo 60 1 2 2
2 Kevan Miller Collin Miller 40 1 2 2
Penalty Kill 4 Players Forward
Center Wing Time % Phy DF OF
1 Jacob De La Rose Roope Hintz 60 1 2 2
2 T.J. Tynan Dylan Sikura 40 1 2 2
Penalty Kill 4 Players Defense
Defense Defense Time % Phy DF OF
1 Martin Marincin Roland McKeown 60 1 2 2
2 Tony DeAngelo Collin Miller 40 1 2 2
Penalty Kill - 3 Players Forward
Forward Time % Phy DF OF
1 T.J. Tynan 60 1 2 2
2 Jacob De La Rose 40 1 2 2
Penalty Kill - 3 Players Defense
Defense Defense Time % Phy DF OF
1 Martin Marincin Tony DeAngelo 60 1 2 2
2 Roland McKeown Collin Miller 40 1 2 2
4 vs 4 Forward
Center Wing Time % Phy DF OF
1 Elias Lindholm Timo Meier 60 1 2 2
2 T.J. Tynan Roope Hintz 40 1 2 2
4 vs 4 Defense
Defense Defense Time % Phy DF OF
1 Martin Marincin Tony DeAngelo 60 1 2 2
2 Roland McKeown Collin Miller 40 1 2 2
Last Minutes Offensive
Center Left Wing Right Wing Defense Defense
Elias Lindholm Roope Hintz Timo Meier Martin Marincin Tony DeAngelo
Last Minutes Defensive
Center Left Wing Right Wing Defense Defense
T.J. Tynan Jacob De La Rose Dylan Sikura Martin Marincin Roland McKeown
Goaltenders
Starting : Brandon Halverson
Backup : Elvis Merzlikins
Extra Forwards
Normal : Martin Frk, Roope Hintz, Jack Roslovic - PP : Martin Frk, Roope Hintz - PK : Jack Roslovic
Extra Defensemen
Normal : Kevan Miller, Ethan Bear, Roland McKeown - PP : Kevan Miller - PK : Ethan Bear, Roland McKeown
Penalty Shots
Jack Roslovic, Petr Straka, Elias Lindholm, Roope Hintz, T.J. Tynan
Scratches
Adam Clendening (Healthy), Hudson Fasching (Healthy), Nikita Nesterov (Healthy), Scott Wilson (Healthy), Dylan Gambrell (Healthy)
Nicholas Caamano (Healthy), Eamon McAdam (Healthy)
Sound Tigers
5 vs 5 Forward
Center Left Wing Right Wing Time % Phy DF OF
1 Joe Labate James Sheppard Brian Ferlin 40 1 2 2
2 Ryan Bourque Garret Ross Andrew Shaw 30 1 2 2
3 Pavel Kraskovsky Ben Thomson James Livingstone 20 1 2 2
4 Rhett Gardner Tyrell Goulbourne Borna Rendulic 10 1 2 2
5 vs 5 Defense
Defense Defense Time % Phy DF OF
1 Connor Murphy Dylan McIlrath 40 1 2 2
2 Julian Melchiori Gabriel Carlsson 30 1 2 2
3 Slater Koekkoek Alexander Yelesin 20 1 2 2
4 Connor Murphy Dylan McIlrath 10 1 2 2
PowerPlay Forward
Center Left Wing Right Wing Time % Phy DF OF
1 Joe Labate James Sheppard Brian Ferlin 60 1 2 2
2 Ryan Bourque Garret Ross Andrew Shaw 40 1 2 2
PowerPlay Defense
Defense Defense Time % Phy DF OF
1 Connor Murphy Dylan McIlrath 60 1 2 2
2 Julian Melchiori Gabriel Carlsson 40 1 2 2
Penalty Kill 4 Players Forward
Center Wing Time % Phy DF OF
1 Brian Ferlin Andrew Shaw 60 1 2 2
2 James Sheppard Garret Ross 40 1 2 2
Penalty Kill 4 Players Defense
Defense Defense Time % Phy DF OF
1 Connor Murphy Dylan McIlrath 60 1 2 2
2 Julian Melchiori Gabriel Carlsson 40 1 2 2
Penalty Kill - 3 Players Forward
Forward Time % Phy DF OF
1 Brian Ferlin 60 1 2 2
2 Andrew Shaw 40 1 2 2
Penalty Kill - 3 Players Defense
Defense Defense Time % Phy DF OF
1 Connor Murphy Dylan McIlrath 60 1 2 2
2 Julian Melchiori Gabriel Carlsson 40 1 2 2
4 vs 4 Forward
Center Wing Time % Phy DF OF
1 Brian Ferlin Andrew Shaw 60 1 2 2
2 James Sheppard Garret Ross 40 1 2 2
4 vs 4 Defense
Defense Defense Time % Phy DF OF
1 Connor Murphy Dylan McIlrath 60 1 2 2
2 Julian Melchiori Gabriel Carlsson 40 1 2 2
Last Minutes Offensive
Center Left Wing Right Wing Defense Defense
Joe Labate James Sheppard Brian Ferlin Connor Murphy Dylan McIlrath
Last Minutes Defensive
Center Left Wing Right Wing Defense Defense
Joe Labate James Sheppard Brian Ferlin Connor Murphy Dylan McIlrath
Goaltenders
Starting : Pavel Francouz
Backup : Sean Maguire
Extra Forwards
Normal : Scott Glennie, Josh Archibald, Brad Ross - PP : Scott Glennie, Josh Archibald - PK : Brad Ross
Extra Defensemen
Normal : Slater Koekkoek, Alexander Yelesin, Julian Melchiori - PP : Slater Koekkoek - PK : Alexander Yelesin, Julian Melchiori
Penalty Shots
Brian Ferlin, Andrew Shaw, James Sheppard, Garret Ross, James Livingstone
Scratches
David Broll (Healthy), Chris Driedger (Healthy)
% Time on Ice - Rampage
Lines # - Real PCT - Wanted PCT - Time Play
Normal Forward
1 - 31% - 40% - 14:29
2 - 28% - 30% - 12:55
3 - 25% - 20% - 11:24
4 - 16% - 10% - 7:19
Normal Defense
1 - 38% - 40% - 17:42
2 - 33% - 30% - 15:25
3 - 24% - 20% - 10:56
4 - 4% - 10% - 2:04
PP Forward
1 - 55% - 60% - 4:21
2 - 45% - 40% - 3:35
PP Defense
1 - 54% - 60% - 4:15
2 - 46% - 40% - 3:41
PK Forward
1 - 74% - 60% - 4:23
2 - 26% - 40% - 1:34
PK Defense
1 - 64% - 60% - 3:49
2 - 36% - 40% - 2:08
PK3 Forward
1 - 0% - 60%
2 - 0% - 40%
PK3 Defense
1 - 0% - 60%
2 - 0% - 40%
44 Forward
1 - 82% - 60% - 4:07
2 - 18% - 40% - 0:53
44 Defense
1 - 51% - 60% - 2:33
2 - 49% - 40% - 2:27
Last Minute Offensive - 0:00
Last Minute Defensive - 0:00
Total
Forward - 65:00
Defense - 65:00
|
% Time on Ice - Sound Tigers
Lines # - Real PCT - Wanted PCT - Time Play
Normal Forward
1 - 32% - 40% - 14:35
2 - 26% - 30% - 12:01
3 - 26% - 20% - 11:46
4 - 17% - 10% - 7:45
Normal Defense
1 - 39% - 40% - 18:12
2 - 33% - 30% - 15:01
3 - 25% - 20% - 11:19
4 - 3% - 10% - 1:35
PP Forward
1 - 58% - 60% - 3:26
2 - 42% - 40% - 2:31
PP Defense
1 - 64% - 60% - 3:48
2 - 36% - 40% - 2:09
PK Forward
1 - 68% - 60% - 5:24
2 - 32% - 40% - 2:32
PK Defense
1 - 56% - 60% - 4:25
2 - 44% - 40% - 3:31
PK3 Forward
1 - 0% - 60%
2 - 0% - 40%
PK3 Defense
1 - 0% - 60%
2 - 0% - 40%
44 Forward
1 - 76% - 60% - 3:47
2 - 24% - 40% - 1:13
44 Defense
1 - 71% - 60% - 3:33
2 - 29% - 40% - 1:27
Last Minute Offensive - 0:00
Last Minute Defensive - 0:00
Total
Forward - 65:00
Defense - 65:00
|
Play-by-Play
1st period
0:01 of 1st period - Elias Lindholm wins face-off versus Joe Labate in neutral zone.
0:30 of 1st period - Snap shot by Jack Roslovic.
0:30 of 1st period - Shot Blocked by Garret Ross.
0:34 of 1st period - Wrist shot by Petr Straka.
0:34 of 1st period - Stopped by Pavel Francouz with a rebound.
0:58 of 1st period - Backhand shot by Martin Frk.
0:58 of 1st period - Stopped by Pavel Francouz without a rebound.
0:59 of 1st period - T.J. Tynan wins face-off versus Rhett Gardner in Sound Tigers zone.
1:10 of 1st period - Borna Rendulic is hit by Dylan Sikura and loses puck.
1:26 of 1st period - Minor Penalty to Tyrell Goulbourne for Tripping.
1:27 of 1st period - Jack Roslovic wins face-off versus Brian Ferlin in Sound Tigers zone.
1:27 of 1st period - Snap shot by Timo Meier.
1:27 of 1st period - Stopped by Pavel Francouz without a rebound.
1:28 of 1st period - Timo Meier wins face-off versus Brian Ferlin in Sound Tigers zone.
1:35 of 1st period - Snap shot by Timo Meier.
1:35 of 1st period - Stopped by Pavel Francouz with a rebound.
1:37 of 1st period - Wrist shot by Jack Roslovic.
1:37 of 1st period - Deflect By Timo Meier.
1:37 of 1st period - Shot Misses the Net.
1:37 of 1st period - Puck is out of play.
1:38 of 1st period - Jack Roslovic wins face-off versus Brian Ferlin in Sound Tigers zone.
1:39 of 1st period - Snap shot by Timo Meier.
1:39 of 1st period - Shot Misses the Net.
3:14 of 1st period - Gabriel Carlsson is hit by Elias Lindholm and loses puck.
3:26 of 1st period - Penalty to Tyrell Goulbourne is over, Tyrell Goulbourne is back on ice.
3:31 of 1st period - Snap shot by Ben Thomson.
3:31 of 1st period - Stopped by Brandon Halverson without a rebound.
3:32 of 1st period - Pavel Kraskovsky wins face-off versus Jacob De La Rose in Rampage zone.
3:35 of 1st period - Snap shot by Pavel Kraskovsky.
3:35 of 1st period - Deflect By Collin Miller.
3:35 of 1st period - Shot Blocked by Collin Miller.
3:35 of 1st period - Puck is out of play.
3:36 of 1st period - Pavel Kraskovsky wins face-off versus Jacob De La Rose in Rampage zone.
3:45 of 1st period - Connor Murphy is hit by Kevan Miller and loses puck.
3:52 of 1st period - Ben Thomson is hit by Jordan Greenway and loses puck.
3:59 of 1st period - Kevan Miller is hit by Pavel Kraskovsky and loses puck.
4:17 of 1st period - Wrist shot by James Livingstone.
4:17 of 1st period - Stopped by Brandon Halverson with a rebound.
4:29 of 1st period - Wrist shot by James Livingstone.
4:29 of 1st period - Deflect By Roland McKeown.
4:29 of 1st period - Shot Blocked by Jacob De La Rose.
4:29 of 1st period - Puck is out of play.
4:30 of 1st period - Elias Lindholm wins face-off versus Joe Labate in Rampage zone.
4:41 of 1st period - Slapshot by Brian Ferlin.
4:41 of 1st period - Stopped by Brandon Halverson with a rebound.
4:43 of 1st period - Snap shot by Gabriel Carlsson.
4:43 of 1st period - Shot Blocked by Tony DeAngelo.
4:45 of 1st period - Slapshot by Julian Melchiori.
4:45 of 1st period - Stopped by Brandon Halverson with a rebound.
4:56 of 1st period - Icing by Petr Straka.
4:57 of 1st period - Ryan Bourque wins face-off versus Jack Roslovic in Rampage zone.
4:58 of 1st period - Snap shot by Garret Ross.
4:58 of 1st period - Shot Misses the Net.
5:00 of 1st period - Snap shot by Garret Ross.
5:00 of 1st period - Stopped by Brandon Halverson with a rebound.
5:02 of 1st period - Slapshot by Alexander Yelesin.
5:02 of 1st period - Stopped by Brandon Halverson with a rebound.
5:04 of 1st period - Snap shot by Andrew Shaw.
5:04 of 1st period - Shot Misses the Net.
5:06 of 1st period - Wrist shot by Andrew Shaw.
5:06 of 1st period - Shot Misses the Net.
5:08 of 1st period - Slapshot by Slater Koekkoek.
5:08 of 1st period - Shot Misses the Net.
5:10 of 1st period - Slapshot by Slater Koekkoek.
5:10 of 1st period - Deflect By Jack Roslovic.
5:10 of 1st period - Stopped by Brandon Halverson without a rebound.
5:11 of 1st period - Joe Labate wins face-off versus Elias Lindholm in Rampage zone.
5:27 of 1st period - Icing by Roope Hintz.
5:28 of 1st period - Elias Lindholm wins face-off versus Ryan Bourque in Rampage zone.
5:53 of 1st period - Roope Hintz is hit by Brian Ferlin and loses puck.
6:12 of 1st period - Snap shot by Jack Roslovic.
6:12 of 1st period - Deflect By Petr Straka.
6:12 of 1st period - Shot Misses the Net.
6:12 of 1st period - Puck is out of play.
6:13 of 1st period - Rhett Gardner wins face-off versus Jack Roslovic in Sound Tigers zone.
7:20 of 1st period - Snap shot by Borna Rendulic.
7:20 of 1st period - Shot Misses the Net.
7:26 of 1st period - Slapshot by Borna Rendulic.
7:26 of 1st period - Stopped by Brandon Halverson with a rebound.
7:44 of 1st period - Snap shot by Tyrell Goulbourne.
7:44 of 1st period - Shot Misses the Net.
7:46 of 1st period - Wrist shot by Connor Murphy.
7:46 of 1st period - Shot Misses the Net.
7:48 of 1st period - Slapshot by Connor Murphy.
7:48 of 1st period - Shot Blocked by Kevan Miller.
7:50 of 1st period - Snap shot by Borna Rendulic.
7:50 of 1st period - Shot Misses the Net.
7:52 of 1st period - Snap shot by Rhett Gardner.
7:52 of 1st period - Stopped by Brandon Halverson with a rebound.
7:54 of 1st period - Snap shot by Dylan McIlrath.
7:54 of 1st period - Stopped by Brandon Halverson without a rebound.
7:55 of 1st period - Joe Labate wins face-off versus Elias Lindholm in Rampage zone.
8:08 of 1st period - Wrist shot by Roope Hintz.
8:08 of 1st period - Shot Misses the Net.
8:10 of 1st period - Slapshot by Tony DeAngelo.
8:10 of 1st period - Stopped by Pavel Francouz without a rebound.
8:11 of 1st period - Ryan Bourque wins face-off versus Jack Roslovic in Sound Tigers zone.
8:16 of 1st period - Martin Marincin is hit by Andrew Shaw and loses puck.
8:22 of 1st period - Off-side.
8:23 of 1st period - Joe Labate wins face-off versus Elias Lindholm in neutral zone.
8:49 of 1st period - Jack Roslovic is hit by Andrew Shaw and loses puck.
9:00 of 1st period - Slapshot by Jack Roslovic.
9:00 of 1st period - Shot Blocked by Andrew Shaw.
9:42 of 1st period - Slapshot by Ethan Bear.
9:42 of 1st period - Stopped by Pavel Francouz with a rebound.
9:44 of 1st period - Slapshot by Roland McKeown.
9:44 of 1st period - Stopped by Pavel Francouz with a rebound.
9:58 of 1st period - Snap shot by Martin Frk.
9:58 of 1st period - Stopped by Pavel Francouz without a rebound.
9:59 of 1st period - Ryan Bourque wins face-off versus Roope Hintz in Sound Tigers zone.
10:06 of 1st period - Snap shot by Andrew Shaw.
10:06 of 1st period - Stopped by Brandon Halverson without a rebound.
10:07 of 1st period - Ryan Bourque wins face-off versus Elias Lindholm in Rampage zone.
10:52 of 1st period - Slater Koekkoek is hit by Dylan Sikura and loses puck.
11:19 of 1st period - Wrist shot by Timo Meier.
11:19 of 1st period - Shot Blocked by Tyrell Goulbourne.
11:49 of 1st period - Brian Ferlin is hit by Petr Straka and loses puck.
12:00 of 1st period - Snap shot by Jack Roslovic.
12:00 of 1st period - Stopped by Pavel Francouz with a rebound.
12:12 of 1st period - Icing by Ethan Bear.
12:13 of 1st period - Pavel Kraskovsky wins face-off versus T.J. Tynan in Rampage zone.
12:20 of 1st period - Ben Thomson is hit by Kevan Miller and loses puck.
12:45 of 1st period - Snap shot by Brian Ferlin.
12:45 of 1st period - Stopped by Brandon Halverson without a rebound.
12:46 of 1st period - Elias Lindholm wins face-off versus Joe Labate in Rampage zone.
13:32 of 1st period - Snap shot by James Livingstone.
13:32 of 1st period - Stopped by Brandon Halverson without a rebound.
13:33 of 1st period - Pavel Kraskovsky wins face-off versus Jacob De La Rose in Rampage zone.
14:06 of 1st period - Snap shot by Martin Frk.
14:06 of 1st period - Stopped by Pavel Francouz without a rebound.
14:07 of 1st period - Elias Lindholm wins face-off versus Joe Labate in Sound Tigers zone.
15:53 of 1st period - Dylan McIlrath is hit by Jack Roslovic and loses puck.
16:18 of 1st period - Wrist shot by Borna Rendulic.
16:18 of 1st period - Stopped by Brandon Halverson with a rebound.
16:20 of 1st period - Snap shot by Tyrell Goulbourne.
16:20 of 1st period - Stopped by Brandon Halverson with a rebound.
16:22 of 1st period - Slapshot by Alexander Yelesin.
16:22 of 1st period - Shot Misses the Net.
16:38 of 1st period - Martin Frk is hit by Ben Thomson and loses puck.
17:04 of 1st period - Wrist shot by Roope Hintz.
17:04 of 1st period - Shot Misses the Net.
17:06 of 1st period - Minor Penalty to Julian Melchiori for Holding.
17:07 of 1st period - Jack Roslovic wins face-off versus Brian Ferlin in Sound Tigers zone.
17:08 of 1st period - Wrist shot by Timo Meier.
17:08 of 1st period - Deflect By Jack Roslovic.
17:08 of 1st period - Shot Misses the Net.
17:08 of 1st period - Puck is out of play.
17:09 of 1st period - Brian Ferlin wins face-off versus Jack Roslovic in Sound Tigers zone.
17:22 of 1st period - Snap shot by Jack Roslovic.
17:22 of 1st period - Stopped by Pavel Francouz with a rebound.
17:24 of 1st period - Slapshot by Collin Miller.
17:24 of 1st period - Shot Misses the Net.
17:34 of 1st period - Andrew Shaw is hit by Elias Lindholm and loses puck.
18:13 of 1st period - Icing by Timo Meier.
18:14 of 1st period - Kirill Kaprizov wins face-off versus Brad Ross in Rampage zone.
18:19 of 1st period - Dylan McIlrath is hit by Timo Meier and loses puck.
18:36 of 1st period - Brian Ferlin is hit by Roope Hintz and loses puck.
19:06 of 1st period - Penalty to Julian Melchiori is over, Julian Melchiori is back on ice.
19:55 of 1st period - Gabriel Carlsson is hit by Jack Roslovic.
Goals for this period are 0 for Rampage vs 0 for Sound Tigers.
Shots for this period are 11 for Rampage vs 15 for Sound Tigers.
2nd period
0:01 of 2nd period - Joe Labate wins face-off versus Elias Lindholm in neutral zone.
0:34 of 2nd period - Wrist shot by Kirill Kaprizov.
0:34 of 2nd period - Stopped by Pavel Francouz with a rebound.
1:32 of 2nd period - Snap shot by James Sheppard.
1:32 of 2nd period - Stopped by Brandon Halverson with a rebound.
1:34 of 2nd period - Snap shot by James Sheppard.
1:34 of 2nd period - Shot Misses the Net.
1:36 of 2nd period - Snap shot by Brian Ferlin.
1:36 of 2nd period - Shot Misses the Net.
1:38 of 2nd period - Slapshot by Julian Melchiori.
1:38 of 2nd period - Stopped by Brandon Halverson with a rebound.
1:52 of 2nd period - Snap shot by Garret Ross.
1:52 of 2nd period - Goal by Garret Ross - Rampage : 0 - Sound Tigers : 1.
1:53 of 2nd period - Elias Lindholm wins face-off versus Joe Labate in neutral zone.
2:06 of 2nd period - Wrist shot by Elias Lindholm.
2:06 of 2nd period - Shot Misses the Net.
2:22 of 2nd period - Slapshot by Connor Murphy.
2:22 of 2nd period - Stopped by Brandon Halverson with a rebound.
2:24 of 2nd period - Snap shot by Andrew Shaw.
2:24 of 2nd period - Stopped by Brandon Halverson without a rebound.
2:25 of 2nd period - Elias Lindholm wins face-off versus Andrew Shaw in Rampage zone.
2:50 of 2nd period - Brian Ferlin is hit by Jack Roslovic and loses puck.
3:17 of 2nd period - Wrist shot by Ben Thomson.
3:17 of 2nd period - Deflect By Collin Miller.
3:17 of 2nd period - Shot Misses the Net.
3:17 of 2nd period - Puck is out of play.
3:18 of 2nd period - Elias Lindholm wins face-off versus Ryan Bourque in Rampage zone.
3:43 of 2nd period - Petr Straka is hit by Joe Labate and loses puck.
4:24 of 2nd period - Snap shot by Petr Straka.
4:24 of 2nd period - Shot Misses the Net.
4:26 of 2nd period - Snap shot by Kirill Kaprizov.
4:26 of 2nd period - Shot Misses the Net.
4:28 of 2nd period - Slapshot by Martin Marincin.
4:28 of 2nd period - Stopped by Pavel Francouz with a rebound.
4:32 of 2nd period - Wrist shot by Petr Straka.
4:32 of 2nd period - Stopped by Pavel Francouz with a rebound.
4:45 of 2nd period - Snap shot by Petr Straka.
4:45 of 2nd period - Shot Blocked by Gabriel Carlsson.
4:53 of 2nd period - Snap shot by Jack Roslovic.
4:53 of 2nd period - Stopped by Pavel Francouz without a rebound.
4:54 of 2nd period - Timo Meier wins face-off versus Joe Labate in Sound Tigers zone.
5:03 of 2nd period - Snap shot by Elias Lindholm.
5:03 of 2nd period - Stopped by Pavel Francouz without a rebound.
5:04 of 2nd period - Joe Labate wins face-off versus Elias Lindholm in Sound Tigers zone.
5:22 of 2nd period - Wrist shot by Elias Lindholm.
5:22 of 2nd period - Shot Misses the Net.
5:56 of 2nd period - Wrist shot by Elias Lindholm.
5:56 of 2nd period - Goal by Elias Lindholm - Rampage : 1 - Sound Tigers : 1.
5:57 of 2nd period - Ryan Bourque wins face-off versus Jack Roslovic in neutral zone.
6:30 of 2nd period - Wrist shot by Ben Thomson.
6:30 of 2nd period - Deflect By Martin Marincin.
6:30 of 2nd period - Stopped by Brandon Halverson with a rebound.
6:32 of 2nd period - Snap shot by Pavel Kraskovsky.
6:32 of 2nd period - Shot Misses the Net.
6:34 of 2nd period - Snap shot by James Livingstone.
6:34 of 2nd period - Shot Blocked by Martin Marincin.
8:08 of 2nd period - Wrist shot by T.J. Tynan.
8:08 of 2nd period - Deflect By Dylan Sikura.
8:08 of 2nd period - Stopped by Pavel Francouz with a rebound.
8:16 of 2nd period - Wrist shot by T.J. Tynan.
8:16 of 2nd period - Stopped by Pavel Francouz without a rebound.
8:17 of 2nd period - Elias Lindholm wins face-off versus Joe Labate in Sound Tigers zone.
8:32 of 2nd period - Snap shot by James Sheppard.
8:32 of 2nd period - Stopped by Brandon Halverson with a rebound.
8:46 of 2nd period - Andrew Shaw is hit by Jack Roslovic and loses puck.
8:55 of 2nd period - Snap shot by Jack Roslovic.
8:55 of 2nd period - Shot Misses the Net.
9:15 of 2nd period - Wrist shot by Artturi Lehkonen.
9:15 of 2nd period - Stopped by Pavel Francouz without a rebound.
9:16 of 2nd period - Elias Lindholm wins face-off versus Joe Labate in Sound Tigers zone.
9:23 of 2nd period - Snap shot by Elias Lindholm.
9:23 of 2nd period - Stopped by Pavel Francouz with a rebound.
9:29 of 2nd period - Slapshot by Julian Melchiori.
9:29 of 2nd period - Stopped by Brandon Halverson without a rebound.
9:30 of 2nd period - Elias Lindholm wins face-off versus Joe Labate in Rampage zone.
9:37 of 2nd period - Wrist shot by Elias Lindholm.
9:37 of 2nd period - Stopped by Pavel Francouz with a rebound.
9:39 of 2nd period - Slapshot by Elias Lindholm.
9:39 of 2nd period - Shot Misses the Net.
9:41 of 2nd period - Slapshot by Roland McKeown.
9:41 of 2nd period - Stopped by Pavel Francouz with a rebound.
9:43 of 2nd period - Slapshot by Elias Lindholm.
9:43 of 2nd period - Shot Misses the Net.
9:55 of 2nd period - Ethan Bear is hit by Julian Melchiori and loses puck.
10:04 of 2nd period - Wrist shot by Garret Ross.
10:04 of 2nd period - Stopped by Brandon Halverson with a rebound.
10:06 of 2nd period - Snap shot by Gabriel Carlsson.
10:06 of 2nd period - Shot Blocked by Jack Roslovic.
10:08 of 2nd period - Snap shot by Garret Ross.
10:08 of 2nd period - Goal by Garret Ross - Rampage : 1 - Sound Tigers : 2.
10:09 of 2nd period - Elias Lindholm wins face-off versus James Sheppard in neutral zone.
10:11 of 2nd period - Minor Penalty to Tony DeAngelo for Hooking.
10:12 of 2nd period - Jacob De La Rose wins face-off versus Joe Labate in Rampage zone.
10:29 of 2nd period - Off-side.
10:30 of 2nd period - Jacob De La Rose wins face-off versus Ryan Bourque in neutral zone.
11:50 of 2nd period - Artturi Lehkonen is hit by Garret Ross and loses puck.
12:11 of 2nd period - Penalty to Tony DeAngelo is over, Tony DeAngelo is back on ice.
12:13 of 2nd period - James Sheppard is hit by Roope Hintz and loses puck.
12:26 of 2nd period - Ben Thomson is hit by Petr Straka and loses puck.
13:18 of 2nd period - Kirill Kaprizov is hit by Borna Rendulic and loses puck.
13:50 of 2nd period - Kevan Miller is hit by Ryan Bourque.
13:59 of 2nd period - Off-side.
14:00 of 2nd period - Joe Labate wins face-off versus Dylan Sikura in neutral zone.
14:10 of 2nd period - Slapshot by Joe Labate.
14:10 of 2nd period - Shot Misses the Net.
15:26 of 2nd period - James Livingstone is hit by Kirill Kaprizov and loses puck.
15:33 of 2nd period - Minor Penalty to Pavel Kraskovsky for Roughing.
15:34 of 2nd period - Jack Roslovic wins face-off versus Brian Ferlin in Sound Tigers zone.
15:35 of 2nd period - Slapshot by Tony DeAngelo.
15:35 of 2nd period - Shot Misses the Net.
16:50 of 2nd period - Roope Hintz is hit by Ben Thomson and loses puck.
17:33 of 2nd period - Penalty to Pavel Kraskovsky is over, Pavel Kraskovsky is back on ice.
17:44 of 2nd period - T.J. Tynan is hit by Tyrell Goulbourne and loses puck.
18:27 of 2nd period - Minor Penalty to Ethan Bear for Roughing.
18:28 of 2nd period - Joe Labate wins face-off versus Jacob De La Rose in Rampage zone.
19:30 of 2nd period - Icing by Gabriel Carlsson.
19:31 of 2nd period - Joe Labate wins face-off versus T.J. Tynan in Sound Tigers zone.
Goals for this period are 1 for Rampage vs 2 for Sound Tigers.
Shots for this period are 12 for Rampage vs 10 for Sound Tigers.
3rd period
0:01 of 3rd period - Joe Labate wins face-off versus Jacob De La Rose in neutral zone.
0:15 of 3rd period - Snap shot by James Sheppard.
0:15 of 3rd period - Shot Misses the Net.
0:27 of 3rd period - Penalty to Ethan Bear is over, Ethan Bear is back on ice.
0:45 of 3rd period - Backhand shot by Martin Marincin.
0:45 of 3rd period - Shot Blocked by James Livingstone.
0:47 of 3rd period - Slapshot by Roland McKeown.
0:47 of 3rd period - Shot Blocked by Pavel Kraskovsky.
0:49 of 3rd period - Slapshot by Roland McKeown.
0:49 of 3rd period - Deflect By Pavel Kraskovsky.
0:49 of 3rd period - Stopped by Pavel Francouz without a rebound.
0:50 of 3rd period - Joe Labate wins face-off versus Jack Roslovic in Sound Tigers zone.
0:50 of 3rd period - Joe Labate is hit by Petr Straka.
1:02 of 3rd period - Slapshot by James Sheppard.
1:02 of 3rd period - Stopped by Brandon Halverson with a rebound.
1:07 of 3rd period - Minor Penalty to Collin Miller for Hooking.
1:08 of 3rd period - Jacob De La Rose wins face-off versus Joe Labate in Rampage zone.
3:07 of 3rd period - Penalty to Collin Miller is over, Collin Miller is back on ice.
4:32 of 3rd period - Wrist shot by Timo Meier.
4:32 of 3rd period - Stopped by Pavel Francouz without a rebound.
4:33 of 3rd period - Jack Roslovic wins face-off versus Joe Labate in Sound Tigers zone.
4:36 of 3rd period - Slapshot by Kirill Kaprizov.
4:36 of 3rd period - Deflect By Jack Roslovic.
4:36 of 3rd period - Shot Misses the Net.
4:36 of 3rd period - Puck is out of play.
4:37 of 3rd period - Jack Roslovic wins face-off versus Joe Labate in Sound Tigers zone.
4:38 of 3rd period - Snap shot by Petr Straka.
4:38 of 3rd period - Stopped by Pavel Francouz with a rebound.
4:40 of 3rd period - Slapshot by Martin Marincin.
4:40 of 3rd period - Shot Blocked by James Sheppard.
5:26 of 3rd period - Snap shot by Pavel Kraskovsky.
5:26 of 3rd period - Shot Blocked by Jordan Greenway.
5:44 of 3rd period - Wrist shot by T.J. Tynan.
5:44 of 3rd period - Stopped by Pavel Francouz without a rebound.
5:45 of 3rd period - T.J. Tynan wins face-off versus Rhett Gardner in Sound Tigers zone.
7:30 of 3rd period - Snap shot by Ben Thomson.
7:30 of 3rd period - Deflect By Pavel Kraskovsky.
7:30 of 3rd period - Goal by Pavel Kraskovsky - Rampage : 1 - Sound Tigers : 3.
7:31 of 3rd period - Roope Hintz wins face-off versus Joe Labate in neutral zone.
7:36 of 3rd period - Snap shot by Elias Lindholm.
7:36 of 3rd period - Deflect By Roope Hintz.
7:36 of 3rd period - Goal by Roope Hintz - Rampage : 2 - Sound Tigers : 3.
7:37 of 3rd period - Roope Hintz wins face-off versus Joe Labate in neutral zone.
7:56 of 3rd period - Timo Meier is hit by Joe Labate and loses puck.
8:10 of 3rd period - Slapshot by Dylan McIlrath.
8:10 of 3rd period - Shot Blocked by Tony DeAngelo.
8:12 of 3rd period - Slapshot by Dylan McIlrath.
8:12 of 3rd period - Shot Blocked by Petr Straka.
8:14 of 3rd period - Snap shot by Ryan Bourque.
8:14 of 3rd period - Stopped by Brandon Halverson without a rebound.
8:15 of 3rd period - Kirill Kaprizov wins face-off versus Ryan Bourque in Rampage zone.
8:31 of 3rd period - Icing by Kirill Kaprizov.
8:32 of 3rd period - Jack Roslovic wins face-off versus Brian Ferlin in Rampage zone.
8:39 of 3rd period - Slapshot by Ethan Bear.
8:39 of 3rd period - Shot Misses the Net.
8:41 of 3rd period - Slapshot by Ethan Bear.
8:41 of 3rd period - Stopped by Pavel Francouz with a rebound.
8:47 of 3rd period - Snap shot by Jack Roslovic.
8:47 of 3rd period - Stopped by Pavel Francouz with a rebound.
8:49 of 3rd period - Wrist shot by Jack Roslovic.
8:49 of 3rd period - Stopped by Pavel Francouz with a rebound.
8:51 of 3rd period - Slapshot by Ethan Bear.
8:51 of 3rd period - Stopped by Pavel Francouz with a rebound.
9:03 of 3rd period - James Sheppard is hit by Roland McKeown and loses puck.
9:08 of 3rd period - Slapshot by Jack Roslovic.
9:08 of 3rd period - Shot Misses the Net.
9:10 of 3rd period - Slapshot by Roland McKeown.
9:10 of 3rd period - Shot Misses the Net.
9:12 of 3rd period - Slapshot by Roland McKeown.
9:12 of 3rd period - Shot Blocked by Connor Murphy.
9:14 of 3rd period - Snap shot by Kirill Kaprizov.
9:14 of 3rd period - Deflect By Connor Murphy.
9:14 of 3rd period - Shot Blocked by Dylan McIlrath.
9:14 of 3rd period - Puck is out of play.
9:15 of 3rd period - Elias Lindholm wins face-off versus Ryan Bourque in Sound Tigers zone.
9:16 of 3rd period - Snap shot by Timo Meier.
9:16 of 3rd period - Shot Blocked by Andrew Shaw.
9:18 of 3rd period - Snap shot by Timo Meier.
9:18 of 3rd period - Stopped by Pavel Francouz without a rebound.
9:19 of 3rd period - Ryan Bourque wins face-off versus Timo Meier in Sound Tigers zone.
10:19 of 3rd period - Slapshot by Petr Straka.
10:19 of 3rd period - Deflect By Jack Roslovic.
10:19 of 3rd period - Shot Misses the Net.
10:19 of 3rd period - Puck is out of play.
10:20 of 3rd period - Ryan Bourque wins face-off versus Elias Lindholm in Sound Tigers zone.
10:20 of 3rd period - Ryan Bourque is hit by Ethan Bear.
10:46 of 3rd period - Wrist shot by Martin Frk.
10:46 of 3rd period - Stopped by Pavel Francouz without a rebound.
10:47 of 3rd period - Jacob De La Rose wins face-off versus Joe Labate in Sound Tigers zone.
11:08 of 3rd period - Minor Penalty to Julian Melchiori for Roughing.
11:09 of 3rd period - Jack Roslovic wins face-off versus Brian Ferlin in Sound Tigers zone.
11:15 of 3rd period - Snap shot by Timo Meier.
11:15 of 3rd period - Stopped by Pavel Francouz with a rebound.
11:17 of 3rd period - Slapshot by Ethan Bear.
11:17 of 3rd period - Shot Blocked by Connor Murphy.
11:19 of 3rd period - Wrist shot by Jack Roslovic.
11:19 of 3rd period - Stopped by Pavel Francouz with a rebound.
11:23 of 3rd period - Slapshot by Tony DeAngelo.
11:23 of 3rd period - Stopped by Pavel Francouz without a rebound.
11:24 of 3rd period - Jack Roslovic wins face-off versus Brian Ferlin in Sound Tigers zone.
13:08 of 3rd period - Penalty to Julian Melchiori is over, Julian Melchiori is back on ice.
13:16 of 3rd period - Collin Miller is hit by Rhett Gardner and loses puck.
14:00 of 3rd period - Icing by Brian Ferlin.
14:01 of 3rd period - T.J. Tynan wins face-off versus Ryan Bourque in Sound Tigers zone.
14:08 of 3rd period - T.J. Tynan is hit by Dylan McIlrath and loses puck.
14:45 of 3rd period - Snap shot by Ethan Bear.
14:45 of 3rd period - Deflect By Kirill Kaprizov.
14:45 of 3rd period - Goal by Kirill Kaprizov - Rampage : 3 - Sound Tigers : 3.
14:46 of 3rd period - Joe Labate wins face-off versus Elias Lindholm in neutral zone.
14:49 of 3rd period - Wrist shot by Julian Melchiori.
14:49 of 3rd period - Stopped by Brandon Halverson with a rebound.
14:55 of 3rd period - Roope Hintz is hit by Brian Ferlin and loses puck.
15:19 of 3rd period - Snap shot by James Livingstone.
15:19 of 3rd period - Stopped by Brandon Halverson with a rebound.
15:21 of 3rd period - Backhand shot by Dylan McIlrath.
15:21 of 3rd period - Shot Misses the Net.
15:57 of 3rd period - Slapshot by Martin Marincin.
15:57 of 3rd period - Shot Misses the Net.
15:59 of 3rd period - Slapshot by T.J. Tynan.
15:59 of 3rd period - Shot Misses the Net.
16:38 of 3rd period - Wrist shot by Pavel Kraskovsky.
16:38 of 3rd period - Stopped by Brandon Halverson with a rebound.
16:40 of 3rd period - Slapshot by Alexander Yelesin.
16:40 of 3rd period - Deflect By Ben Thomson.
16:40 of 3rd period - Shot Blocked by Roland McKeown.
16:40 of 3rd period - Puck is out of play.
16:41 of 3rd period - Elias Lindholm wins face-off versus Joe Labate in Rampage zone.
16:52 of 3rd period - Snap shot by Roope Hintz.
16:52 of 3rd period - Stopped by Pavel Francouz with a rebound.
17:08 of 3rd period - Kevan Miller is hit by Pavel Kraskovsky and loses puck.
17:47 of 3rd period - Slapshot by Dylan McIlrath.
17:47 of 3rd period - Stopped by Brandon Halverson with a rebound.
18:37 of 3rd period - Off-side.
18:38 of 3rd period - Jack Roslovic wins face-off versus Joe Labate in neutral zone.
Goals for this period are 2 for Rampage vs 1 for Sound Tigers.
Shots for this period are 16 for Rampage vs 7 for Sound Tigers.
Overtime #1
0:01 of 1st overtime period - Brian Ferlin wins face-off versus Timo Meier in neutral zone.
0:16 of 1st overtime period - Wrist shot by Timo Meier.
0:16 of 1st overtime period - Stopped by Pavel Francouz without a rebound.
0:17 of 1st overtime period - Brian Ferlin wins face-off versus Elias Lindholm in Sound Tigers zone.
0:26 of 1st overtime period - Snap shot by Andrew Shaw.
0:26 of 1st overtime period - Stopped by Brandon Halverson with a rebound.
0:46 of 1st overtime period - Elias Lindholm is hit by Andrew Shaw and loses puck.
2:31 of 1st overtime period - Martin Frk is hit by Brad Ross.
3:19 of 1st overtime period - Timo Meier is hit by Slater Koekkoek and loses puck.
Goals for this period are 0 for Rampage vs 0 for Sound Tigers.
Shots for this period are 1 for Rampage vs 1 for Sound Tigers.
ShootOut
5:00 of 1st overtime period - Round #1.
5:00 of 1st overtime period - Rampage, Jack Roslovic.
5:00 of 1st overtime period - Deke by Jack Roslovic.
5:00 of 1st overtime period - Goal by Jack Roslovic.
5:00 of 1st overtime period - Sound Tigers, Brian Ferlin.
5:00 of 1st overtime period - Wrist shot by Brian Ferlin.
5:00 of 1st overtime period - Stopped by Brandon Halverson.
5:00 of 1st overtime period - Round #2.
5:00 of 1st overtime period - Rampage, Petr Straka.
5:00 of 1st overtime period - Backhand shot by Petr Straka.
5:00 of 1st overtime period - Stopped by Pavel Francouz.
5:00 of 1st overtime period - Sound Tigers, Andrew Shaw.
5:00 of 1st overtime period - Wrist shot by Andrew Shaw.
5:00 of 1st overtime period - Goal by Andrew Shaw.
5:00 of 1st overtime period - Round #3.
5:00 of 1st overtime period - Rampage, Elias Lindholm.
5:00 of 1st overtime period - Deke by Elias Lindholm.
5:00 of 1st overtime period - Goal by Elias Lindholm.
5:00 of 1st overtime period - Sound Tigers, James Sheppard.
5:00 of 1st overtime period - Deke by James Sheppard.
5:00 of 1st overtime period - Goal by James Sheppard.
5:00 of 1st overtime period - Round #4.
5:00 of 1st overtime period - Rampage, Roope Hintz.
5:00 of 1st overtime period - Snap shot by Roope Hintz.
5:00 of 1st overtime period - Stopped by Pavel Francouz.
5:00 of 1st overtime period - Sound Tigers, Garret Ross.
5:00 of 1st overtime period - Backhand shot by Garret Ross.
5:00 of 1st overtime period - Stopped by Brandon Halverson.
5:00 of 1st overtime period - Round #5.
5:00 of 1st overtime period - Rampage, T.J. Tynan.
5:00 of 1st overtime period - Snap shot by T.J. Tynan.
5:00 of 1st overtime period - Goal by T.J. Tynan.
5:00 of 1st overtime period - Sound Tigers, James Livingstone.
5:00 of 1st overtime period - Wrist shot by James Livingstone.
5:00 of 1st overtime period - Goal by James Livingstone.
5:00 of 1st overtime period - Round #6.
5:00 of 1st overtime period - Rampage, Dylan Sikura.
5:00 of 1st overtime period - Wrist shot by Dylan Sikura.
5:00 of 1st overtime period - Goal by Dylan Sikura.
5:00 of 1st overtime period - Sound Tigers, Scott Glennie.
5:00 of 1st overtime period - Wrist shot by Scott Glennie.
5:00 of 1st overtime period - Stopped by Brandon Halverson.